 Dungeon Crawl Stone Soup version 0.31.0-11-ge490571c62 (webtiles) character file.

Game seed: 5045403318293828320

112 qw the Skirmisher (level 4, -2/25 HPs)
             Began as a Deep Elf Hunter on Feb 5, 2024.
             Slain by a bullfrog (7 damage)
             ... on level 4 of the Dungeon.
             The game lasted 00:00:48 (2525 turns).

qw the Skirmisher (Deep Elf Hunter)                 Turns: 2525, Time: 00:00:49

Health: -2/25      AC:  6    Str: 10    XL:     4   Next: 64%
Magic:  6/6        EV: 11    Int: 14    God:
Gold:   153        SH:  0    Dex: 24    Spells: 3/3 levels left

rFire   . . .        a - +0 shortbow
rCold   . . .        (shield currently unavailable)
rNeg    . . .        i - +0 ring mail
rPois   .            e - +0 helmet
rElec   .            (no cloak)
rCorr   .            (no gloves)
SInv    .            (no boots)
Will    .....        (no amulet)
Stlth   ++           j - +6 ring of dexterity
HPRegen 0.24/turn    (no ring)
MPRegen 0.10/turn

%: no passive effects
@: no status effects
A: no striking features
a: no special abilities


You were on level 4 of the Dungeon.
You visited 1 branch of the dungeon, and saw 4 of its levels.

You collected 153 gold pieces.


   Skills:
 - Level 1.5 Fighting
 - Level 8.0 Ranged Weapons
 + Level 2.6 Dodging
 - Level 1.2 Stealth


You had 3 spell levels left.
You didn't know any spells.
Your spell library was empty.

Inventory:

Hand Weapons
 a - a +0 shortbow (weapon)
Armour
 e - a +0 helmet (worn)
 i - a +0 ring mail (worn)
Jewellery
 j - a +6 ring of dexterity (left hand)
Wands
 d - a wand of digging (5)
Scrolls
 c - a scroll of teleportation
Potions
 h - 2 potions of curing

Dungeon Overview and Level Annotations

Branches:
Dungeon (4/15)
 Temple: D:4-7

Altars:


Message History

2402 ||| READING 3 scrolls labelled TYULIE ZANAN.
As you read the scroll labelled TYULIE ZANAN, it crumbles to dust.
A wave of despondency washes over your surroundings.
It was a scroll of vulnerability.
You start waiting.
You feel your willpower return.
Done waiting.
Done exploring.
2503 ||| DROPPING 3 scrolls of silence.
You drop 3 scrolls of silence.
Done exploring.
2504 ||| DROPPING 2 scrolls of vulnerability.
You drop 2 scrolls of vulnerability.
Done exploring.
What level of the Dungeon? (default 3, ? - help)
There is a stone staircase leading down here.
You climb downwards.
There is a stone staircase leading up here.
Waypoint 3 assigned to D:4.
A bullfrog comes into view.
The bullfrog gives a loud, deep croak!
You shoot an arrow.
The arrow hits the bullfrog but does no damage.
You shoot an arrow. The arrow hits the bullfrog!
The bullfrog is moderately wounded.
You shoot an arrow. The arrow misses the bullfrog.
The bullfrog closely misses you. The bullfrog hits you.
You shoot an arrow. The arrow hits the bullfrog.
The bullfrog is heavily wounded.
The bullfrog hits you. The bullfrog barely misses you.
You shoot an arrow.
The arrow completely misses the bullfrog.
The bullfrog hits you!
You shoot an arrow. The arrow hits the bullfrog.
The bullfrog is almost dead.
The bullfrog misses you. The bullfrog hits you.
You shoot an arrow. The arrow closely misses the bullfrog.
The bullfrog hits you but does no damage. x2
You shoot an arrow. The arrow barely misses the bullfrog.
The bullfrog hits you! x2
You die...

#### .
#..# ..
#..# ...#
#..#
.....
#<.#
#....##.#
#?...F@.#
####.####
.. ##


You could see a bullfrog.

Vanquished Creatures
  A bombardier beetle (D:3)
  An adder (D:2)
  4 ribbon worms
  A dart slug (D:2)
  4 ball pythons
  7 bats (D:1)
  4 endoplasms
  8 goblins
  4 hobgoblins
  8 jackals
  3 kobolds
  A quokka (D:3)
  5 frilled lizards
  6 rats
57 creatures vanquished.

Notes
Turn   | Place    | Note
-------+----------+-------------------------------------------
     0 | D:1      | qw the Deep Elf Hunter began the quest for the Orb.
     0 | D:1      | Reached XP level 1. HP: 12/12 MP: 3/3
     0 | D:1      | 0 ||| qw: Version: 0.3-a-160-g6735b56
     0 | D:1      | 0 ||| qw: Game counter: 6479
     0 | D:1      | 0 ||| qw: Melee chars always use a shield: true
     0 | D:1      | 0 ||| qw: God list: Okawaru
     0 | D:1      | 0 ||| qw: Allow faded altars: false
     0 | D:1      | 0 ||| qw: Do Orc after clearing Dungeon:15 true
     0 | D:1      | 0 ||| qw: Do second Lair branch before Depths: true
     0 | D:1      | 0 ||| qw: Lair rune preference: random
     0 | D:1      | 0 ||| qw: Goals: Normal
     0 | D:1      | 0 ||| PLANNING D:1-11
   178 | D:1      | Reached XP level 2. HP: 16/16 MP: 4/4
   204 | D:1      | Reached skill level 6 in Ranged Weapons
   270 | D:1      | HP: 3/16 [jackal (3)]
   731 | D:1      | Reached XP level 3. HP: 20/20 MP: 5/5
   992 | D:1      | 992 ||| UPGRADING to +0 helmet.
   997 | D:1      | 997 ||| UPGRADING to +0 ring mail.
  1007 | D:1      | 1007 ||| DROPPING +0 leather armour.
  1008 | D:1      | 1008 ||| UPGRADING to +6 ring of dexterity.
  1009 | D:1      | 1009 ||| READING scroll labelled FYUMOARORY.
  1010 | D:1      | 1010 ||| READING scroll labelled VILENI HIKKE.
  1011 | D:1      | 1011 ||| READING 2 scrolls labelled ENOYMER VAME.
  1011 | D:1      | 1011 ||| IDENTIFYING brown potion
  1012 | D:1      | 1012 ||| DROPPING scroll of butterflies.
  1212 | D:2      | Reached skill level 7 in Ranged Weapons
  1463 | D:2      | Identified the +6 dagger of Mastery {freeze, Will+}
  1618 | D:2      | Found a faded altar of an unknown god.
  1709 | D:2      | 1709 ||| READING 2 scrolls of identify.
  1709 | D:2      | 1709 ||| IDENTIFYING metallic silvery potion
  1710 | D:2      | 1710 ||| READING scroll of identify.
  1710 | D:2      | 1710 ||| IDENTIFYING scroll labelled NISHURELUIM
  1711 | D:2      | 1711 ||| DROPPING potion of ambrosia.
  1819 | D:3      | Reached XP level 4. HP: 25/25 MP: 6/6
  1851 | D:3      | Reached skill level 8 in Ranged Weapons
  2401 | D:3      | 2401 ||| READING scroll of identify.
  2401 | D:3      | 2401 ||| IDENTIFYING 3 scrolls labelled BETZAFIEKK
  2402 | D:3      | 2402 ||| READING 3 scrolls labelled TYULIE ZANAN.
  2503 | D:3      | 2503 ||| DROPPING 3 scrolls of silence.
  2504 | D:3      | 2504 ||| DROPPING 2 scrolls of vulnerability.
  2517 | D:4      | Noticed a bullfrog
  2525 | D:4      | HP: 5/25 [bullfrog (7)]
  2525 | D:4      | Slain by a bullfrog

Levels and vault maps discovered:
D:1:      evilmike_arrival_crescent, layout_loops_corners
D:2:      minmay_inner_zag, layout_basic, shapermc_ecumenical_altar_venn,
          nrook_campfire
D:3:      layout_basic
D:4:      layout_basic, serial_shops, nicolae_stop_n_shop_1

Skill      XL: |  1  2  3  4 |
---------------+-------------+-----
Ranged Weapons | 6 7 8 |  8.0
Fighting       | |  1.5
Dodging        | |  2.6
Stealth        | |  1.2

Action                     |  1- 3 |  4- 6 || total
---------------------------+-------+-------++-------
   Fire: Shortbow          |   156 |    30 ||   186
    Use: Scroll            |     5 |     2 ||     7
 Armour: Leather armour    |    27 |       ||    27
         Ring mail         |    14 |     9 ||    23
  Dodge: Dodged            |    64 |     6 ||    70

Table legend:
 A = Non-vault XP
 B = Vault XP
 C = Vault XP percentage of total XP
 D = Non-vault monster count
 E = Vault monster count
 F = Vault count percentage of total count
                 A         B        C        D         E       F
            +---------+---------+-------+---------+---------+-------
      Total |     154 |       7 |   4.3 |      53 |       4 |   7.0
            +---------+---------+-------+---------+---------+-------
        D:1 |      48 |       0 |   0.0 |      31 |       0 |   0.0
        D:2 |      39 |       7 |  15.2 |      11 |       4 |  26.7
        D:3 |      67 |       0 |   0.0 |      11 |       0 |   0.0
            +---------+---------+-------+---------+---------+-------
